[Event "Titled Tuesday Blitz January 03 Early 2023"]
[White "Bettalli, Francesco"]
[Black "Ciuffoletti, Paolo"]
[WhiteFideId "2816453"]
[BlackFideId "807630"]
[WhiteElo "2252"]
[BlackElo "2106"]
[Result "1-0"]
[Round "04"]
[TimeControl "180+2"]
[Date "2023.01.03"]
[WhiteClock "0:00:47"]
[BlackClock "0:00:01"]

1. d4 d5 2. Nc3 Nf6 3. Bg5 Nbd7 4. Qd3 g6 5. O-O-O Bg7 6. h4 h6 7. Bf4 a6 8. f3 c5 9. e4 cxd4 10. Nxd5 Nxd5 11. exd5 Qa5 12. Qb3 b5 13. Bd2 Qb6 14. Re1 Nc5 15. Qa3 a5 16. Bb4 axb4 17. Qxa8 O-O 18. Qc6 Qa7 19. Qxb5 Bd7 20. Qxb4 Rb8 21. Qa3 Qb6 22. Bd3 Bf5 23. Rd1 Rc8 24. Kb1 Nxd3 25. cxd3 Qc5 26. Nh3 Qc2+ 27. Ka1 Qxg2 28. h5 g5 29. f4 Bxh3 30. fxg5 hxg5 31. Rdg1 Qf3 32. Qxe7 Bf5 33. Qxg5 Qxd3 34. Qxg7# 1-0


[Site "https://www.chess.com"]

[Event "Titled Tuesday Blitz January 03 Early 2023"]
[White "Blanco Acevedo, Cristobal Jose"]
[Black "Kuchava, Ana"]
[WhiteFideId "3900525"]
[BlackFideId "13605348"]
[WhiteElo "2310"]
[BlackElo "2101"]
[Result "1-0"]
[Round "04"]
[TimeControl "180+2"]
[Date "2023.01.03"]
[WhiteClock "0:00:49"]
[BlackClock "0:00:08"]

1. e4 c5 2. Nf3 d6 3. d4 cxd4 4. Nxd4 Nf6 5. Nc3 Nc6 6. Bg5 Bd7 7. Nb3 Rc8 8. f3 a6 9. Qd2 b5 10. O-O-O Qb6 11. Be3 Qb7 12. Kb1 b4 13. Nd5 Nxd5 14. exd5 Ne5 15. Na5 Qc7 16. Nb3 Nc4 17. Bxc4 Qxc4 18. Rc1 Bf5 19. g4 Bg6 20. h4 h5 21. g5 Bf5 22. Rh2 g6 23. Bd4 Rg8 24. Ka1 Bg7 25. Bxg7 Rxg7 26. Qd4 Qxd4 27. Nxd4 Bd7 28. c4 bxc3 29. bxc3 Kd8 30. Rb2 Rg8 31. Rb7 Rc7 32. Rb6 Ba4 33. Rxa6 Bd7 34. c4 Bc8 35. Nc6+ Kd7 36. Ra8 Re8 37. Re1 Bb7 38. Rxe8 Kxe8 39. Na5 Ba6 40. Rb1 Bxc4 41. Rc1 Rc5 42. Nxc4 Rxd5 43. a4 Rd4 44. a5 Rxh4 45. a6 Kd7 46. a7 1-0


[Site "https://www.chess.com"]

[Event "Titled Tuesday Blitz January 03 Early 2023"]
[White "De Souza Sa, Apolo"]
[Black "Krstic, Milos"]
[WhiteFideId "324225390"]
[BlackFideId "954888"]
[WhiteElo "1929"]
[BlackElo "2183"]
[Result "0-1"]
[Round "04"]
[TimeControl "180+2"]
[Date "2023.01.03"]
[WhiteClock "0:00:04"]
[BlackClock "0:01:15"]

1. d4 Nf6 2. c4 g6 3. f3 Bg7 4. e4 d6 5. Nc3 O-O 6. Nge2 Nc6 7. Be3 e5 8. d5 Ne7 9. Qd2 b6 10. g4 Ne8 11. Ng3 f5 12. exf5 gxf5 13. gxf5 Nxf5 14. Nxf5 Bxf5 15. O-O-O Kh8 16. Bh6 Qf6 17. Bxg7+ Nxg7 18. Be2 a6 19. Rdg1 Nh5 20. Rg5 Nf4 21. Rhg1 Rg8 22. Rxg8+ Rxg8 23. Rxg8+ Kxg8 24. Ne4 Bxe4 25. fxe4 Qg5 26. Bf3 Qg1+ 27. Kc2 Kf7 28. Kb3 Kf6 29. a3 Qd4 30. Qc3 Kg5 31. Kc2 Qxc3+ 32. Kxc3 Kh4 33. b4 Kh3 34. c5 Kxh2 35. Bg4 h5 36. Bc8 a5 37. bxa5 bxa5 38. cxd6 cxd6 39. Kc4 Ne2 40. Kb5 Nc3+ 41. Kxa5 Nxe4 42. Kb6 Nc5 43. Kc6 e4 44. Kxd6 e3 45. Kxc5 e2 46. d6 e1=Q 47. d7 Qe7+ 48. Kc6 Qd8 49. a4 Kg3 50. Kd6 h4 51. Bb7 h3 52. Bc6 h2 53. a5 Qxa5 54. Ke7 Qc5+ 55. Kf7 Qxc6 56. d8=Q h1=Q 57. Qg5+ Kf2 58. Qd2+ Kf3 59. Qd3+ Kf4 60. Qd2+ Kf5 61. Qa5+ Qhd5+ 62. Qxd5+ Qxd5+ 0-1


[Site "https://www.chess.com"]

[Event "Titled Tuesday Blitz January 03 Early 2023"]
[White "Zhuravlev, Alexey"]
[Black "Clawitter, Craig"]
[WhiteFideId "4164199"]
[BlackFideId "2023105"]
[WhiteElo "2359"]
[BlackElo "2050"]
[Result "1-0"]
[Round "04"]
[TimeControl "180+2"]
[Date "2023.01.03"]
[WhiteClock "0:00:12"]
[BlackClock "0:00:01"]

1. e4 e6 2. d4 d5 3. Nc3 Bb4 4. e5 c5 5. a3 Bxc3+ 6. bxc3 Ne7 7. Qg4 Qc7 8. Qxg7 Rg8 9. Qxh7 cxd4 10. Ne2 Nbc6 11. f4 dxc3 12. Qd3 d4 13. h4 b6 14. h5 Bb7 15. h6 O-O-O 16. h7 Rh8 17. Rh3 Ng6 18. g3 Ncxe5 19. fxe5 Nxe5 20. Qb5 d3 21. Bf4 Rd5 22. Qb3 dxe2 23. Bxe2 Qc5 24. Kf1 Ng6 25. g4 Nxf4 26. Rxc3 Rxh7 27. Bf3 Qxc3 28. Qxc3+ Rc5 29. Bxb7+ Kxb7 30. Qf3+ Nd5 31. Rc1 Rc3 32. Qe4 Rhh3 33. Kg2 Rhg3+ 34. Kf2 Rce3 35. Qh1 Rxg4 36. Qh5 Rf4+ 37. Kg2 1-0


[Site "https://www.chess.com"]

[Event "Titled Tuesday Blitz January 03 Early 2023"]
[White "Corredor Castellanos, Camilo"]
[Black "Namitbir Singh Walia"]
[WhiteFideId "4425871"]
[BlackFideId "35071068"]
[WhiteElo "1957"]
[BlackElo "2364"]
[Result "1-0"]
[Round "04"]
[TimeControl "180+2"]
[Date "2023.01.03"]
[WhiteClock "0:01:27"]
[BlackClock "0:00:14"]

1. e4 c5 2. Nf3 Nc6 3. d4 cxd4 4. Nxd4 g6 5. c4 Nf6 6. Nc3 d6 7. Be2 Nxd4 8. Qxd4 Bg7 9. O-O O-O 10. Qd1 Be6 11. Be3 Qa5 12. Qb3 Rfc8 13. Rac1 Nd7 14. Nd5 Kf8 15. Rfd1 Rab8 16. Bg5 Bxd5 17. cxd5 Qb6 18. Qh3 Nf6 19. Rxc8+ 1-0


[Site "https://www.chess.com"]

[Event "Titled Tuesday Blitz January 03 Early 2023"]
[White "Moreno Perez, Tobias Sebastian"]
[Black "Blokhin, Sofia"]
[WhiteFideId "186716"]
[BlackFideId "4508190"]
[WhiteElo "2256"]
[BlackElo "2062"]
[Result "0-1"]
[Round "04"]
[TimeControl "180+2"]
[Date "2023.01.03"]
[WhiteClock "0:01:28"]
[BlackClock "0:01:27"]

1. d4 Nf6 2. Bf4 g6 3. Nc3 Bg7 4. e4 d6 5. Qd2 O-O 6. Bh6 Nc6 7. Nge2 e5 8. d5 Nd4 9. Bxg7 Kxg7 10. Nxd4 exd4 11. Qxd4 Re8 12. Bd3 c5 13. dxc6 bxc6 14. O-O c5 15. Qa4 Bd7 16. Qa6 Be6 17. b3 Ng4 18. Nb5 d5 19. exd5 Bxd5 20. Rad1 Qg5 21. f4 Qh4 22. h3 Qg3 23. Rd2 Qh2# 0-1


[Site "https://www.chess.com"]

[Event "Titled Tuesday Blitz January 03 Early 2023"]
[White "Ardila, Oscar Humberto"]
[Black "Jovic, Stanoje"]
[WhiteFideId "4404742"]
[BlackFideId "905020"]
[WhiteElo "1982"]
[BlackElo "2075"]
[Result "0-1"]
[Round "04"]
[TimeControl "180+2"]
[Date "2023.01.03"]
[WhiteClock "0:00:06"]
[BlackClock "0:00:42"]

1. d4 Nf6 2. c4 e6 3. Nc3 Bb4 4. Bd2 O-O 5. Nf3 b6 6. e3 Bb7 7. Be2 d5 8. O-O Nbd7 9. Rc1 c5 10. a3 Bxc3 11. Bxc3 Ne4 12. Be1 Rc8 13. cxd5 exd5 14. dxc5 bxc5 15. Nd2 Ndf6 16. Nxe4 Nxe4 17. f3 Nd6 18. Bf2 Re8 19. Qa4 Qb6 20. b4 c4 21. Qc2 Rxe3 22. Bxe3 Qxe3+ 23. Kh1 Qxa3 24. Ra1 Qxb4 25. Rxa7 Qc5 26. Rfa1 d4 27. Bf1 Bd5 28. R7a5 Qc6 29. Ra6 Qd7 30. Ra7 Qe6 31. Qd2 d3 32. Re1 Qf6 33. Qb4 g6 34. Ra6 Rd8 35. Qb6 Kg7 36. Qc5 Bb7 37. Rb6 d2 38. Rd1 c3 39. Rb3 Bxf3 40. Ra1 d1=Q 41. Rxd1 Bxd1 42. Rxc3 0-1


[Site "https://www.chess.com"]

[Event "Titled Tuesday Blitz January 03 Early 2023"]
[White "Le Ruyet, Leopold"]
[Black "Sailer, Mike"]
[WhiteFideId "645923"]
[BlackFideId "2012901"]
[WhiteElo "2245"]
[BlackElo "2109"]
[Result "0-1"]
[Round "04"]
[TimeControl "180+2"]
[Date "2023.01.03"]
[WhiteClock "0:00:03"]
[BlackClock "0:00:02"]

1. e4 d5 2. exd5 Qxd5 3. Nc3 Qd6 4. d4 Nf6 5. Nf3 c6 6. Bd3 Bg4 7. Ne4 Nxe4 8. Bxe4 Nd7 9. h3 Bh5 10. c3 Nf6 11. Bd3 e6 12. Bg5 Be7 13. Be2 O-O 14. Ne5 Bxe2 15. Qxe2 c5 16. dxc5 Qxc5 17. Bxf6 Bxf6 18. Nd7 Qc6 19. Nxf8 Qxg2 20. O-O-O Rxf8 21. Rdg1 Qd5 22. Kb1 a5 23. Rd1 Qc5 24. Rd7 b5 25. Rhd1 b4 26. c4 a4 27. f4 a3 28. b3 g6 29. Rb7 Qf5+ 30. Qc2 Qxf4 31. Rb5 Bg7 32. Rxb4 Qf6 33. Kc1 Qa1+ 34. Kd2 Rd8+ 35. Ke2 Qe5+ 36. Kf1 Qf4+ 37. Kg2 Qg5+ 38. Kh1 Rxd1+ 39. Qxd1 Be5 40. Qe2 Qg3 41. Qg2 Qe1+ 42. Qg1 Qe4+ 43. Qg2 Qe1+ 44. Qg1 Qxb4 45. Qe3 Qd6 46. c5 Qd5+ 47. Kg1 Bd4 0-1


[Site "https://www.chess.com"]

[Event "Titled Tuesday Blitz January 03 Early 2023"]
[White "Sadovsky, Artem"]
[Black "Fabris, Alberto"]
[WhiteFideId "4155840"]
[BlackFideId "801348"]
[WhiteElo "2276"]
[BlackElo "2230"]
[Result "1-0"]
[Round "04"]
[TimeControl "180+2"]
[Date "2023.01.03"]
[WhiteClock "0:03:06"]
[BlackClock "0:00:03"]

1. Nf3 Nf6 2. e3 b6 3. c4 Bb7 4. b3 e6 5. Bb2 Be7 6. Be2 O-O 7. O-O d5 8. d3 c5 9. Nbd2 Nc6 10. Qc2 Rc8 11. Rad1 Qc7 12. cxd5 Nxd5 13. e4 Ndb4 14. Qb1 Rfd8 15. Nc4 b5 16. Nce5 Nxe5 17. Bxe5 Bd6 18. Bxd6 Qxd6 19. d4 c4 20. bxc4 bxc4 21. a3 c3 22. Qxb4 Bxe4 23. Qxd6 Rxd6 24. Ne5 Rcd8 25. f3 Bf5 26. Rc1 Rc8 27. g4 Bg6 28. Nxg6 hxg6 29. Rfd1 Rb6 30. Rd3 Rb3 31. Kf2 Rxa3 32. Ke3 a5 33. Rc2 Kf8 34. h4 Ke7 35. d5 a4 36. d6+ Kd8 37. f4 Rb3 38. Kd4 Rb4+ 39. Ke3 Rb3 40. Rd4 a3 41. Ra4 Kd7 42. Bc4 Rb2 43. Rxc3 a2 44. Kd3 Kxd6 45. Rxa2 Rxa2 46. Bxa2 Rxc3+ 47. Kxc3 f6 48. Kd4 Ke7 49. g5 Kf7 50. Bb1 1-0


[Site "https://www.chess.com"]

[Event "Titled Tuesday Blitz January 03 Early 2023"]
[White "Zherebtsova, Alexandra"]
[Black "Gutierrez Anaya, Yeison Joel"]
[WhiteFideId "24129518"]
[BlackFideId "3903273"]
[WhiteElo "2155"]
[BlackElo "2125"]
[Result "0-1"]
[Round "04"]
[TimeControl "180+2"]
[Date "2023.01.03"]
[WhiteClock "0:00:01"]
[BlackClock "0:00:02"]

1. d4 Nf6 2. Nf3 g6 3. c4 d5 4. e3 Bg7 5. Nc3 O-O 6. Qb3 dxc4 7. Bxc4 c5 8. Ne5 e6 9. O-O cxd4 10. Rd1 Qc7 11. exd4 a6 12. Bf4 b5 13. Be2 Qe7 14. a4 b4 15. Na2 a5 16. Nc1 Nd5 17. Bg3 Bb7 18. Ncd3 Nc6 19. Nc5 Nxd4 20. Rxd4 Qxc5 21. Rc4 Qe7 22. Nc6 Qg5 23. Rac1 Rfc8 24. h4 Qd2 25. R4c2 Rxc6 26. Rxd2 Rxc1+ 27. Rd1 Rac8 28. Kh2 R1c2 29. Bf3 Rxb2 30. Qd3 Rbc2 31. Rb1 R2c5 32. Bd6 R5c6 33. Bg3 Ba6 34. Qd1 Bc4 35. Rc1 Nc3 36. Qe1 Rc5 37. Bd6 Rf5 38. Bg4 Rd5 39. Bg3 Rdd8 40. Bf3 b3 41. Bb7 b2 42. Bxc8 bxc1=Q 43. Qxc1 Rxc8 44. Qa3 Bd5 45. Qe7 Ne4 46. Bf4 Ra8 47. Qc7 Bf6 48. h5 Kg7 49. h6+ Kg8 50. Qb6 Be7 51. Qd4 Bf8 52. Be5 f6 53. Bxf6 Nxf6 54. Qxf6 Rb8 55. Qc3 Rb4 56. Qc2 Rh4+ 57. Kg1 Bxh6 58. g3 Rh1# 0-1


[Site "https://www.chess.com"]

[Event "Titled Tuesday Blitz January 03 Early 2023"]
[White "Osiecki, Stanislaw"]
[Black "Begunov, Konstantin"]
[WhiteFideId "1102990"]
[BlackFideId "4118510"]
[WhiteElo "2055"]
[BlackElo "2325"]
[Result "0-1"]
[Round "04"]
[TimeControl "180+2"]
[Date "2023.01.03"]
[WhiteClock "0:00:01"]
[BlackClock "0:00:11"]

1. e4 c5 2. c3 Nf6 3. e5 Nd5 4. d4 cxd4 5. Nf3 Nc6 6. cxd4 d6 7. Bc4 Nb6 8. Bb5 d5 9. h3 Bf5 10. Bxc6+ bxc6 11. O-O e6 12. Nc3 Be7 13. Na4 Rc8 14. a3 c5 15. dxc5 Bxc5 16. Nxc5 Rxc5 17. Be3 Rc4 18. Nd4 Be4 19. Nb5 O-O 20. Nd6 Rc7 21. Nxe4 dxe4 22. Bxb6 axb6 23. Re1 Qd5 24. Qxd5 exd5 25. Rad1 Rc5 26. Rd4 f5 27. f4 Kf7 28. Red1 Ke6 29. Rb4 b5 30. Rd2 Rb8 31. Kf2 Rc4 32. Rb3 b4 33. axb4 Rcxb4 34. Rxb4 Rxb4 35. Rc2 d4 36. Rc6+ Kd5 37. Rd6+ Kc4 38. e6 Rxb2+ 39. Kg1 Rb1+ 40. Kf2 Rb2+ 41. Kg1 Rb8 42. Kf2 Kd3 43. e7 Re8 44. Rd7 e3+ 45. Ke1 Ke4 46. g4 fxg4 47. hxg4 d3 48. f5 h6 49. Kf1 d2 50. Ke2 Kf4 51. Rd4+ Kg5 52. Kxe3 Rxe7+ 0-1


[Site "https://www.chess.com"]

[Event "Titled Tuesday Blitz January 03 Early 2023"]
[White "Suduvasachmatai"]
[Black "Kaplan, Avi Harrison"]
[BlackFideId "30934559"]
[WhiteElo "2107"]
[BlackElo "2146"]
[Result "0-1"]
[Round "04"]
[TimeControl "180+2"]
[Date "2023.01.03"]
[WhiteClock "0:00:57"]
[BlackClock "0:01:24"]

1. e4 e5 2. Nf3 d6 3. d4 Nd7 4. Nc3 Ngf6 5. Bg5 Be7 6. dxe5 dxe5 7. Bc4 c6 8. O-O Qc7 9. h3 h6 10. Bh4 O-O 11. Re1 b5 12. Bd3 Rd8 13. Ne2 Nc5 14. Ng3 g5 15. Nxg5 hxg5 16. Bxg5 Nh7 17. Be3 Nxd3 18. cxd3 Bg5 19. Qh5 Qe7 20. Nf5 Bxf5 21. exf5 Rxd3 22. Qg4 Kh8 23. Qe4 Rad8 24. Bxg5 Nxg5 25. Qh4+ Kg7 26. f4 Nf3+ 0-1


[Site "https://www.chess.com"]

[Event "Titled Tuesday Blitz January 03 Early 2023"]
[White "Ljukin, Sergei"]
[Black "Cardozo Munar, Carlos Eduardo"]
[WhiteFideId "14102200"]
[BlackFideId "4409477"]
[WhiteElo "2362"]
[BlackElo "2043"]
[Result "1-0"]
[Round "04"]
[TimeControl "180+2"]
[Date "2023.01.03"]
[WhiteClock "0:00:03"]
[BlackClock "0:00:05"]

1. e4 e6 2. d4 d5 3. Nc3 Nf6 4. Bg5 Be7 5. e5 Nfd7 6. h4 Bxg5 7. hxg5 Qxg5 8. Nh3 Qh4 9. Qd2 a6 10. O-O-O h6 11. Be2 Nc6 12. f4 Qe7 13. f5 Nb6 14. g4 exf5 15. Nf4 Qd7 16. gxf5 Qxf5 17. Nfxd5 Nxd5 18. Nxd5 Qd7 19. Bf3 Ne7 20. Nxe7 Qxe7 21. Rdg1 g6 22. Rxh6 Rxh6 23. Qxh6 c6 24. d5 cxd5 25. Bxd5 Bf5 26. Qh8+ Qf8 27. Qf6 Qe7 28. Qb6 Rd8 29. Bxb7 Qxe5 30. Bc6+ Bd7 31. Bxd7+ Rxd7 32. Kb1 Kf8 33. a3 Kg7 34. Qxa6 Re7 35. Qf1 Re6 36. Qf2 Rf6 37. Qg2 Qf5 38. Rh1 Re6 39. Qh2 Kf6 40. Qh8+ Ke7 41. Qc8 Kf6 42. Qd8+ Kg7 43. Qh8# 1-0


[Site "https://www.chess.com"]

[Event "Titled Tuesday Blitz January 03 Early 2023"]
[White "Mitrovic, Darko R"]
[Black "Legenia, Artem"]
[WhiteFideId "927023"]
[BlackFideId "14136945"]
[WhiteElo "2220"]
[BlackElo "2092"]
[Result "0-1"]
[Round "04"]
[TimeControl "180+2"]
[Date "2023.01.03"]
[WhiteClock "0:00:01"]
[BlackClock "0:00:07"]

1. d4 d5 2. Nf3 Nf6 3. g3 Bg4 4. Bg2 Bxf3 5. exf3 e6 6. O-O Nbd7 7. f4 c5 8. Be3 Be7 9. c3 Qb6 10. Qb3 O-O 11. Nd2 c4 12. Qxb6 Nxb6 13. b3 Ba3 14. bxc4 dxc4 15. Rab1 Nfd5 16. Bxd5 exd5 17. f5 Na4 18. Rxb7 Nxc3 19. Kg2 Rfb8 20. Rd7 Rb2 21. Nf3 f6 22. g4 Ne4 23. Rxd5 Rxa2 24. g5 c3 25. Rb1 c2 26. Rb7 Bf8 27. Rc7 a5 28. g6 hxg6 29. fxg6 a4 30. Nh4 a3 31. Nf5 Rb2 32. Rdd7 a2 33. Ne7+ Kh8 34. Rd5 Bxe7 35. Rxe7 a1=Q 0-1


[Site "https://www.chess.com"]

[Event "Titled Tuesday Blitz January 03 Early 2023"]
[White "Aung Thant Zin"]
[Black "Pein, Jonathan"]
[WhiteFideId "13000063"]
[BlackFideId "417092"]
[WhiteElo "2268"]
[BlackElo "2265"]
[Result "0-1"]
[Round "04"]
[TimeControl "180+2"]
[Date "2023.01.03"]
[WhiteClock "0:00:18"]
[BlackClock "0:00:49"]

1. e4 e5 2. Nf3 d6 3. d4 exd4 4. Nxd4 Nf6 5. Nc3 g6 6. g3 Bg7 7. Bg2 O-O 8. O-O Nbd7 9. h3 Re8 10. Re1 Nc5 11. b4 Ne6 12. Nxe6 Bxe6 13. Bb2 Qd7 14. Kh2 Rad8 15. a4 h5 16. Rb1 Nh7 17. Qd2 Nf8 18. b5 Qc8 19. Ne2 Bxb2 20. Rxb2 Nd7 21. f4 Nb6 22. Qd4 d5 23. e5 c5 24. bxc6 bxc6 25. a5 c5 26. Qf2 Nc4 27. Rb5 d4 28. Nc1 Ne3 29. Nd3 c4 30. Nc5 Bd5 31. Bxd5 Rxd5 32. c3 Rxc5 33. Rxc5 Qxc5 34. cxd4 Qxd4 35. Qxe3 Rd8 36. Qxd4 Rxd4 37. Re2 c3 38. Kg2 Rd2 39. Kf2 c2 40. Rxd2 c1=Q 0-1


[Site "https://www.chess.com"]

[Event "Titled Tuesday Blitz January 03 Early 2023"]
[White "Noshin, Anjum"]
[Black "Estrada Nieto, Julian"]
[WhiteFideId "10218564"]
[BlackFideId "5101018"]
[WhiteElo "1946"]
[BlackElo "2215"]
[Result "1-0"]
[Round "04"]
[TimeControl "180+2"]
[Date "2023.01.03"]
[WhiteClock "0:00:04"]
[BlackClock "0:00:02"]

1. e4 e5 2. Nf3 Nc6 3. Bb5 a6 4. Ba4 Nf6 5. O-O Be7 6. Re1 b5 7. Bb3 d6 8. h3 Na5 9. c3 Nxb3 10. axb3 O-O 11. d4 Bb7 12. Nbd2 Nd7 13. b4 Re8 14. b3 exd4 15. cxd4 Bf6 16. Bb2 g6 17. e5 dxe5 18. dxe5 Bg7 19. Ne4 Qe7 20. Nf6+ Bxf6 21. exf6 Qd6 22. Qxd6 cxd6 23. Re7 Bxf3 24. gxf3 Rxe7 25. fxe7 f6 26. Rd1 Re8 27. Rxd6 Rxe7 28. Rxa6 Kf7 29. Ra5 Ne5 30. Rxb5 Nxf3+ 31. Kg2 Ne1+ 32. Kf1 Nd3 33. Bd4 Re4 34. Bc5 h5 35. Rb7+ Ke8 36. Rg7 g5 37. Rh7 h4 38. Rh8+ Kd7 39. Rf8 Re1+ 40. Kg2 Nxc5 41. bxc5 Ke7 42. Rc8 Rb1 43. Rb8 Ke6 44. b4 Kd5 45. Rf8 Rxb4 46. Rxf6 1-0


[Site "https://www.chess.com"]

[Event "Titled Tuesday Blitz January 03 Early 2023"]
[White "Turzo, Attila"]
[Black "Eisa Mohmood, Alkhoori"]
[WhiteFideId "704954"]
[BlackFideId "9316116"]
[WhiteElo "2279"]
[BlackElo "1095"]
[Result "1-0"]
[Round "04"]
[TimeControl "180+2"]
[Date "2023.01.03"]
[WhiteClock "0:01:51"]
[BlackClock "0:01:32"]

1. d4 Nf6 2. Bf4 d5 3. e3 c5 4. c3 Nc6 5. Nd2 Bf5 6. Ngf3 e6 7. Be2 Qb6 8. Qc1 h6 9. O-O Be7 10. a4 O-O 11. a5 Nxa5 12. dxc5 Nb3 13. Nxb3 Qxb3 14. Nd4 1-0


[Site "https://www.chess.com"]

[Event "Titled Tuesday Blitz January 03 Early 2023"]
[White "Mihailidis, Anastasios"]
[Black "Golubova, Anna"]
[WhiteFideId "4205588"]
[BlackFideId "24173606"]
[WhiteElo "2208"]
[BlackElo "2156"]
[Result "0-1"]
[Round "04"]
[TimeControl "180+2"]
[Date "2023.01.03"]
[WhiteClock "0:00:01"]
[BlackClock "0:00:22"]

1. e4 g6 2. d4 Bg7 3. Nc3 d6 4. Be3 a6 5. Qd2 b5 6. a3 Bb7 7. f3 Nd7 8. Nge2 c5 9. dxc5 Nxc5 10. Bxc5 dxc5 11. O-O-O Qxd2+ 12. Kxd2 Bh6+ 13. Ke1 Nf6 14. Kf2 O-O 15. e5 Ne8 16. Rd7 Bc6 17. Rd1 Ng7 18. f4 Ne6 19. Ke3 Rfd8 20. Rg1 b4 21. axb4 cxb4 22. Rxd8+ Rxd8 23. Ne4 Rd1 24. g3 Rd5 25. Bg2 Rxe5 26. Kd2 Bxe4 27. Ke1 Bxg2 28. fxe5 Be4 29. c3 a5 30. cxb4 axb4 31. Rf1 Nc5 32. Nf4 g5 33. Ne2 Nd3+ 34. Kd1 Nxe5 35. Nd4 e6 36. Re1 Bf3+ 37. Nxf3 Nxf3 38. Re4 Nxh2 39. Rxb4 Nf3 40. Kc2 Kf8 41. Rb7 Bg7 42. b4 Nd4+ 43. Kd3 Bf6 0-1


[Site "https://www.chess.com"]

[Event "Titled Tuesday Blitz January 03 Early 2023"]
[White "Gonzalez, Francisco Silva"]
[Black "Kusa, Jakub"]
[WhiteFideId "1512285"]
[BlackFideId "395595"]
[WhiteElo "2021"]
[BlackElo "2366"]
[Result "0-1"]
[Round "04"]
[TimeControl "180+2"]
[Date "2023.01.03"]
[WhiteClock "0:00:43"]
[BlackClock "0:00:13"]

1. d4 d5 2. c4 e6 3. Nc3 a6 4. cxd5 exd5 5. Qb3 c5 6. Qxd5 cxd4 7. Qxd8+ Kxd8 8. Nd5 Bc5 9. Bf4 Nc6 10. Rc1 Bb4+ 11. Kd1 Nge7 12. Bc7+ Ke8 13. Nb6 Be6 14. Nxa8 Bxa2 15. Kc2 Nd5 16. Bg3 Ba5 17. Ra1 Ncb4+ 18. Kc1 Kd7 19. e4 dxe3 20. fxe3 Rxa8 21. Kd1 Bb3+ 22. Ke2 Bb6 23. e4 Re8 24. Kf3 Nf6 25. Ra3 Nxe4 26. Bf4 Bd5 27. Ra4 Nc3+ 28. Kg3 Nxa4 29. Nf3 Bxf3 30. Kxf3 Nxb2 31. Bd2 Nc6 32. Bc3 Re3+ 33. Kf4 Rxc3 34. Be2 Bc7+ 35. Ke4 Nc4 36. Rd1+ Ke7 37. Bd3 Nd6+ 38. Kf4 Ne8+ 39. Ke4 Nf6+ 40. Kf5 g6+ 41. Kg5 Ne5 42. Bf1 Neg4 43. Re1+ Kf8 44. Kh4 Bxh2 45. g3 Bxg3+ 46. Kh3 Bxe1+ 47. Kg2 h5 48. Be2 Rg3+ 49. Kf1 Bb4 50. Bc4 Ne4 51. Bd5 Rf3+ 52. Ke2 Rf2+ 53. Kd1 Ne3+ 54. Kc1 Rc2+ 55. Kb1 Nc3+ 56. Ka1 Ra2+ 57. Bxa2 Nxa2 58. Kxa2 h4 59. Kb3 h3 60. Kxb4 h2 61. Kc3 h1=Q 62. Kd3 Qd5+ 63. Ke2 Nc4 64. Kf2 Qd3 65. Kg2 Qe3 66. Kh2 Qg5 67. Kh3 Ne3 0-1


[Site "https://www.chess.com"]

[Event "Titled Tuesday Blitz January 03 Early 2023"]
[White "Bashirli, Saadat"]
[Black "Dudzinski, Pawel"]
[WhiteFideId "13429990"]
[BlackFideId "1117890"]
[WhiteElo "1571"]
[BlackElo "2186"]
[Result "1-0"]
[Round "04"]
[TimeControl "180+2"]
[Date "2023.01.03"]
[WhiteClock "0:00:21"]
[BlackClock "0:00:09"]

1. d4 d5 2. c4 c6 3. Nc3 e6 4. e3 f5 5. Nf3 Nf6 6. Bd3 Be7 7. O-O O-O 8. b3 Ne4 9. Bb2 Nxc3 10. Bxc3 Bd7 11. Ne5 Be8 12. Rc1 Nd7 13. Nxd7 Qxd7 14. f3 Bh5 15. Qc2 Kh8 16. e4 fxe4 17. fxe4 Bg6 18. exd5 Bxd3 19. Qxd3 exd5 20. Bd2 Rxf1+ 21. Rxf1 Bf6 22. c5 Re8 23. Rf3 Re4 24. Be3 Qe6 25. Kf2 Kg8 26. Rf4 Bh4+ 27. g3 Rxf4+ 28. Bxf4 Bf6 29. Qe3 Kf7 30. Qxe6+ Kxe6 31. Ke3 Kf5 32. h3 h5 33. Bb8 a6 34. a4 Bg5+ 35. Kf3 Bf6 36. Ke3 g5 37. Bc7 g4 38. h4 Bg7 39. Bf4 Bf8 40. Be5 Bh6+ 41. Kd3 Bc1 42. Bc7 Bb2 43. Be5 Ba3 44. Bd6 Bb4 45. Ke3 Ba3 46. Be5 Bxc5 47. Bf4 Be7 48. Be5 Bf8 49. Bc7 Bh6+ 50. Kd3 Ke6 51. Be5 Bf8 52. Bf4 Bd6 53. Bxd6 Kxd6 54. Ke3 c5 55. a5 Kc6 56. Kd3 cxd4 57. Kxd4 Kb5 58. Kxd5 Kxa5 59. Kc5 b6+ 60. Kc4 b5+ 61. Kc5 b4 62. Kc4 Kb6 63. Kxb4 Kc6 64. Ka5 Kb7 65. b4 Ka7 66. b5 axb5 67. Kxb5 Kb7 68. Kc5 Kc7 69. Kd5 Kd7 70. Ke5 Ke7 71. Kf5 Kf7 72. Kg5 Ke6 73. Kxh5 Kf5 74. Kh6 Ke4 75. Kg5 Kf3 76. h5 Kxg3 77. h6 Kf3 78. h7 g3 79. h8=Q g2 80. Qa8+ Kg3 81. Qa1 Kh2 82. Qb2 Kh1 83. Qb7 Kh2 84. Qc7+ Kh1 85. Qc6 Kh2 86. Qd6+ Kh3 87. Qe6+ Kg3 88. Qe3+ Kh2 89. Kh4 g1=Q 90. Qh3# 1-0


[Site "https://www.chess.com"]

[Event "Titled Tuesday Blitz January 03 Early 2023"]
[White "Manukian, Artak"]
[Black "Gressmann, Moritz"]
[WhiteFideId "13301373"]
[BlackFideId "24695084"]
[WhiteElo "2196"]
[BlackElo "2129"]
[Result "1-0"]
[Round "04"]
[TimeControl "180+2"]
[Date "2023.01.03"]
[WhiteClock "0:00:37"]
[BlackClock "0:00:15"]

1. e4 e5 2. Nf3 Nf6 3. Nxe5 Nc6 4. Nxc6 dxc6 5. d3 Bc5 6. h3 h5 7. Be2 Qd6 8. Nd2 Be6 9. Nf3 Qd7 10. d4 Bb6 11. Qd3 O-O-O 12. Be3 Rhe8 13. a4 a6 14. O-O Nxe4 15. Qxe4 Bc4 16. Qxe8 Rxe8 17. Bxc4 f6 18. a5 Ba7 19. Rfe1 g5 20. Nh2 g4 21. hxg4 hxg4 22. Nf1 Rh8 23. Ng3 Qh7 24. c3 f5 25. Be6+ Kb8 26. Bxf5 Qh2+ 27. Kf1 Rf8 28. Bf4 c5 29. Re7 cxd4 30. Bxc7+ Ka8 31. Rae1 Qh8 32. Be5 Qg8 33. Be4 Qc4+ 34. Re2 dxc3 35. Bxb7# 1-0


[Site "https://www.chess.com"]

[Event "Titled Tuesday Blitz January 03 Early 2023"]
[White "Sreyas Payyappat"]
[Black "Matveeva, Olga"]
[WhiteFideId "46674969"]
[BlackFideId "24107018"]
[WhiteElo "2076"]
[BlackElo "2128"]
[Result "1-0"]
[Round "04"]
[TimeControl "180+2"]
[Date "2023.01.03"]
[WhiteClock "0:00:16"]
[BlackClock "0:00:08"]

1. e4 e6 2. d4 d5 3. Nc3 Nf6 4. Bg5 Bb4 5. e5 h6 6. Be3 Ne4 7. Qg4 g6 8. a3 Bxc3+ 9. bxc3 c5 10. Nf3 Nc6 11. Bd3 cxd4 12. cxd4 Qa5+ 13. Nd2 h5 14. Qh3 Qc3 15. Rd1 Nxd4 16. O-O Nxd2 17. Bxd2 Qc7 18. Bb4 Bd7 19. Bd6 Qa5 20. Kh1 O-O-O 21. Bxg6 fxg6 22. Rxd4 g5 23. c4 g4 24. Qb3 Bc6 25. cxd5 Bxd5 26. Rc1+ Kd7 27. Rc7+ Qxc7 28. Bxc7 Kxc7 29. Qb4 Kb8 30. Kg1 Rc8 31. h3 gxh3 32. gxh3 Rhg8+ 33. Kf1 Bf3 34. Ke1 Rc1+ 35. Kd2 Rgc8 36. Ke3 R1c3+ 37. Rd3 Rxd3+ 38. Kxd3 Bd5 39. f4 Ka8 40. Qd6 a6 41. f5 Bc4+ 42. Kd4 exf5 43. e6 Bb5 44. e7 Re8 45. Ke5 Ka7 46. Kxf5 Bc6 47. Kg5 Kb6 48. Kxh5 Rh8+ 49. Kg5 Rxh3 50. Qd8+ Ka7 51. e8=Q Rg3+ 52. Kf4 Bxe8 53. Kxg3 Bc6 54. Qd4+ Kb8 55. Kf4 Kc7 56. Ke5 1-0


[Site "https://www.chess.com"]